 Dungeon Crawl Stone Soup version 0.29-a0-409-gd843f3a48c (webtiles) character file.

Game seed: 12291917613070115051

117 holysushi the Cutter (level 5, -3/34 HPs)
             Began as a Kobold Monk on May 14, 2022.
             Slain by a bullfrog (7 damage)
             ... on level 2 of the Dungeon.
             The game lasted 00:02:47 (3460 turns).

holysushi the Cutter (Kobold Monk)                  Turns: 3460, Time: 00:02:48

Health: -3/34      AC:  2    Str:  7 (9)  XL:     5   Next: 22%
Magic:  5/5        EV: 16    Int:  8 (11) God:
Gold:   118        SH:  0    Dex: 18 (19) Spells: 4/4 levels left

rFire   . . .      SeeInvis .   a - +0 short sword
rCold   . . .      Faith    .   (no shield)
rNeg    . . .      Spirit   .   b - +0 robe
rPois   .          Reflect  .   (no helmet)
rElec   .          Harm     .   (no cloak)
rCorr   .          Rampage  .   (no gloves)
Will    .....                   (no boots)
Stlth   +++.......              (no amulet)
HPRegen 0.11/turn               (no ring)
MPRegen 0.09/turn               (no ring)

@: no status effects
A: small, no large weapons, nightstalker 3
a: no special abilities


You were on level 2 of the Dungeon.
You visited 1 branch of the dungeon, and saw 3 of its levels.

You collected 118 gold pieces.

Inventory:

Hand Weapons
 a - a +0 short sword (weapon)
Armour
 b - a +0 robe (worn)
Jewellery
 l - a ring of flight
Scrolls
 c - a scroll of enchant armour {unknown}
 h - a scroll of identify
 j - a scroll of vulnerability
Potions
 d - a potion of lignification
 f - a potion of attraction {unknown}
 g - a potion of mutation {unknown}
 i - a potion of brilliance {unknown}
 k - 4 potions of curing {unknown}


   Skills:
 + Level 4.3 Fighting
 * Level 6.4 Short Blades
 - Level 3.6 Dodging
 - Level 2.6 Stealth


You had 4 spell levels left.
You didn't know any spells.
Your spell library contained the following spells:

 Spells                   Type           Power      Damage    Failure   Level
 Ozocubu's Armour         Ice            0%         N/A       78%         3
 Metabolic Englaciation   Hex/Ice        0%         N/A       100%        5
 Simulacrum               Ice/Necr       0%         N/A       100%        6


Dungeon Overview and Level Annotations

Branches:
Dungeon (3/15)

Altars:
Fedhas
Kikubaaqudgha

Shops:
D:1 (

Annotations:
D:3 Sigmund


Innate Abilities, Weirdness & Mutations

You are small and have problems with some larger weapons.
You are completely attuned to the shadows.


Message History

Things that are here:
3 stones; a +0 dagger
There is a stone staircase leading down here.
You climb downwards.
Level annotation: Sigmund The orc shouts! x2; The orc priest shouts!
The bullfrog croaks.
The orc shouts!
You hear a shout!
A goblin comes into view. It is wielding a +0 club.
The orc priest miscasts a cantrip.
The orc barely misses you.
The orc priest mumbles some strange prayers to Beogh against you.
Beogh smites you!
An orc priest comes into view.
It is wielding a +0 flail and wearing a +1 leather armour of poison resistance.
The orc barely misses you. The bullfrog closely misses you.
The goblin shouts!
Found 16 stones.
There is a stone staircase leading up here.
The bullfrog completely misses you. The orc barely misses you.
You climb upwards.
There is a stone staircase leading down here.
Unknown command.
The bullfrog barely misses you. The orc attacks as you move away!
The orc barely misses you. The orc attacks as you move away!
The orc hits you with a +0 short sword. The bullfrog hits you.
You hit the bullfrog.
The bullfrog is moderately wounded.
The bullfrog hits you.
You hit the bullfrog.
The bullfrog is heavily wounded.
The bullfrog hits you!
* * * LOW HITPOINT WARNING * * *
You barely miss the bullfrog.
The bullfrog is heavily wounded.
The bullfrog hits you.
* * * LOW HITPOINT WARNING * * *
You hit the bullfrog but do no damage.
The bullfrog is heavily wounded.
The bullfrog hits you!
You die...

.#.#># #.#####.#†..#.# .#.#.#
#.......#.....# .#.#.#
######..#.##### ...#.# #..#.#
...#.# #..#.# ...#.# ####..#.#
...#.#######.....#.# #######
.............>.#.#.# #.....#
.#............oF@#.# #.###.#
.#.#.#######...###.# #.# #.#
.#.#.# ##### #.####.# #.#
.###.# #......###.# ...†.#
#####......# ...###
#...#.####### .#.#
#†#.#.#.....# .#.#
#.#.#.##.##.#
##.###############.#.#.##.##.#


You could see a bullfrog and an orc.

Vanquished Creatures
  A hound (D:3)
  3 adders (D:2)
  A worm (D:3)
  A dart slug (D:2)
  An orc (D:3)
  9 bats
  4 endoplasms
  2 giant cockroaches
  7 goblins
  4 hobgoblins
  9 kobolds
  A quokka (D:2)
  3 ball pythons (D:1)
  5 frilled lizards
  5 rats
56 creatures vanquished.

Vanquished Creatures (others)
  13 plants (D:2)
13 creatures vanquished.

Grand Total: 69 creatures vanquished

Notes
Turn   | Place    | Note
-------+----------+-------------------------------------------
     0 | D:1      | holysushi the Kobold Monk began the quest for the Orb.
     0 | D:1      | Reached XP level 1. HP: 14/14 MP: 1/1
   285 | D:1      | Reached XP level 2. HP: 19/19 MP: 2/2
   650 | D:1      | Found Guakecud's Antique Weapon Shop.
  1003 | D:1      | Reached XP level 3. HP: 17/24 MP: 3/3
  1007 | D:1      | Reached skill level 5 in Short Blades
  1609 | D:2      | Reached XP level 4. HP: 29/29 MP: 4/4
  1737 | D:2      | Found a faded altar of an unknown god.
  1819 | D:2      | Found a blossoming altar of Fedhas.
  2036 | D:2      | You fall into a shaft and drop 1 floor!
  2692 | D:3      | Found an ancient bone altar of Kikubaaqudgha.
  2737 | D:3      | Noticed Sigmund
  2783 | D:3      | Reached skill level 6 in Short Blades
  2783 | D:3      | Reached XP level 5. HP: 18/33 MP: 5/5
  3451 | D:3      | Noticed a bullfrog
  3460 | D:2      | Slain by a bullfrog

Illustrated notes

Levels and vault maps discovered:
D:1:      heliophobic_arrival_ceremonial_halls, layout_loops_corners,
          serial_shops, nicolae_square_shop, minmay_distorted
D:2:      layout_basic, basic_altar,
          hellmonk_ecumenical_altar_pennies_from_heaven, lexackson_kobold_supper
D:3:      layout_basic, old_standard_altar, uniq_sigmund

Skill      XL: |  1  2  3  4 |
---------------+-------------+-----
Short Blades   | 5 6 |  6.4
Fighting       | 4 |  4.3
Dodging        | |  3.6
Stealth        | |  2.6

Action                   |  1- 3 |  4- 6 || total
-------------------------+-------+-------++-------
Melee: Short sword       |    62 |   112 ||   174
       Punch             |       |     1 ||     1
  Use: Scroll            |       |     3 ||     3
       Potion            |       |     3 ||     3
 Stab: Sleeping          |    13 |     9 ||    22
       Distracted        |     1 |       ||     1
Armor: Robe              |    10 |     3 ||    13
       Skin              |       |    57 ||    57
Dodge: Dodged            |    44 |    52 ||    96

Table legend: (Time is in decaauts)
 A = Elapsed time spent in this place.
 B = Non-inter-level travel time spent in this place.
 C = Inter-level travel time spent in this place.
 D = Time resting spent in this place.
 E = Time spent auto-exploring this place.
 F = Levels seen in this place.
 G = Mean time per level.
                   A        B        C        D        E       F      G
               +--------+--------+--------+--------+--------+-----+--------+
         Total |   3431 |   3346 |     85 |    956 |   1941 |   3 | 1143.7 |
       Dungeon |   3431 |   3346 |     85 |    956 |   1941 |   3 | 1143.7 |
               +--------+--------+--------+--------+--------+-----+--------+

Top non-repeatable levels by time:
     D:2: 1378 daAuts
     D:1: 1284 daAuts
     D:3: 768 daAuts
